 Dungeon Crawl Stone Soup version 0.24-a0-462-ge24419a6ad (console) character file.

Game seed: 15108304907590577730

2 Lexodia the Charmwright (level 1, 0/17 HPs)
             Began as a Gnoll Wanderer on July 1, 2019.
             Slain by a leopard gecko (2 damage)
             ... on level 1 of the Dungeon.
             The game lasted 00:01:14 (137 turns).

Lexodia the Charmwright (Gnoll Wanderer)             Turns: 137, Time: 00:01:15

Health: 0/17       AC:  2    Str: 14    XL:     1   Next: 40%
Magic:  1/1        EV: 11    Int: 12    God:
Gold:   22         SH:  0    Dex: 16    Spells: 0/0 levels left

rFire    . . .     SeeInvis .   e - +0 club
rCold    . . .     Gourm    .   (no shield)
rNeg     . . .     Faith    .   c - +0 robe
rPois    .         Spirit   .   (no helmet)
rElec    .         Reflect  .   (no cloak)
rCorr    .         Harm     .   (no gloves)
MR       .....                  (no boots)
Stlth    ++........             (no amulet)
HPRegen  0.05/turn              d - ring of wizardry
MPRegen  0.07/turn              (no ring)

@: no status effects
A: distributed training, fangs 1, strong nose
a: no special abilities


You were on level 1 of the Dungeon.
You were not hungry.

You visited 1 branch of the dungeon, and saw 1 of its levels.

You collected 22 gold pieces.

Inventory:

Hand Weapons
 a - a +0 dagger
 e - a +0 club (weapon)
Armour
 c - a +0 robe (worn)
Jewellery
 d - a ring of wizardry (left hand)
Scrolls
 h - a scroll of identify {unknown}
 i - a scroll of enchant armour {unknown}
Potions
 b - a potion of lignification
Comestibles
 f - a ration
 g - a chunk of flesh


   Skills:
 + Level 2.3 Fighting
 + Level 0.0 Short Blades
 + Level 0.0 Long Blades
 + Level 0.0 Axes
 + Level 4.4 Maces & Flails
 + Level 0.0 Polearms
 + Level 0.0 Staves
 + Level 0.0 Slings
 + Level 0.0 Bows
 + Level 0.0 Crossbows
 + Level 0.0 Throwing
 + Level 0.0 Armour
 + Level 0.0 Dodging
 + Level 2.1 Stealth
 + Level 2.3 Shields
 + Level 0.0 Unarmed Combat
 + Level 0.0 Spellcasting
 + Level 0.0 Conjurations
 + Level 0.0 Hexes
 + Level 5.3 Charms
 + Level 0.0 Summonings
 + Level 3.6 Necromancy
 + Level 0.0 Translocations
 + Level 0.0 Transmutations
 + Level 0.0 Fire Magic
 + Level 0.0 Ice Magic
 + Level 0.0 Air Magic
 + Level 0.0 Earth Magic
 + Level 0.0 Poison Magic
 + Level 0.1 Invocations
 + Level 0.0 Evocations


You couldn't memorise any spells.
You didn't know any spells.
Your spell library contained the following spells:

 Spells                   Type           Power        Failure   Level  Hunger
 Animate Skeleton         Necr           N/A          3%          1    ##.....
 Pain                     Necr           #...         3%          1    ##.....
 Regeneration             Chrm/Necr      ##........   6%          3    ####...
 Vampiric Draining        Necr           #.........   9%          3    ####...
 Animate Dead             Necr           N/A          28%         4    #####..


Dungeon Overview and Level Annotations

Branches:
Dungeon (1/15)

Altars:


Innate Abilities, Weirdness & Mutations

Your experience applies equally to all skills.
You have very sharp teeth.
Your uncanny sense of smell can sniff out nearby items.


Message History

g - a chunk of flesh You see here a frilled lizard skeleton.
Search for what [? for help]? mace You see here a hand axe.
You see here a +0 club.
e - a +0 club You see here 20 stones.
h - a scroll labeled LEOCUV WESM;
i - a scroll labeled GAERIT QOLOPH
e - a +0 club (weapon)
A leopard gecko comes into view.
You are too injured to fight recklessly!
You are too injured to fight recklessly!
The leopard gecko hisses angrily.
The leopard gecko bites you.
* * * LOW HITPOINT WARNING * * *
The leopard gecko closely misses you.
Huge Dmg: -18%(-3hp) hp: 12%(2hp)
You hit the leopard gecko but do no damage.
The leopard gecko bites you.
You die...

.....# #.#
###.#####.# .....#
#.# #.....# #.#
.....# #.####(..#.#
#.#
.....####..........#
#.#
.....รท).....>......#
#.#
##.......########.##
#.# #.......# ..# #.#
+.......#
#.########.#
##.......#
#..l@......#
#.......#
############
#.......# #.......#
#.......# #.......#


You could see a leopard gecko.

Vanquished Creatures
  A hobgoblin (D:1)
  A frilled lizard (D:1)
  A rat (D:1)
3 creatures vanquished.

Notes
Turn   | Place    | Note
-------+----------+-------------------------------------------
     0 | D:1      | Lexodia the Gnoll Wanderer began the quest for the Orb.
     0 | D:1      | Lexodia set off with the following items: a +0 dagger, a
                  | potion of lignification, a +0 robe, a ration; and the
                  | following spells available to memorise: Animate Skeleton,
                  | Pain, Regeneration, Vampiric Draining, Animate Dead
     0 | D:1      | Reached XP level 1. HP: 17/17 MP: 1/1
    84 | D:1      | Huge Dmg: 3 dmg
    86 | D:1      | Huge Dmg: 5 dmg
    95 | D:1      | Huge Dmg: 2 dmg
    97 | D:1      | Huge Dmg: 1 dmg
   137 | D:1      | Huge Dmg: 3 dmg
   137 | D:1      | Slain by a leopard gecko

Levels and vault maps discovered:
D:1:      sevenhm_arrival_forest_fort_small_3, layout_basic,
          minmay_shallow_snake_nest

Action                   || total
-------------------------++-------
Melee: Dagger            ||    19
       Bite              ||     2
       Club              ||     1
Armor: Robe              ||     1
Dodge: Dodged            ||     8

Table legend:
 A = Non-vault XP
 B = Vault XP
 C = Vault XP percentage of total XP
 D = Non-vault monster count
 E = Vault monster count
 F = Vault count percentage of total count
                 A         B        C        D         E       F
            +---------+---------+-------+---------+---------+-------
      Total |       4 |       0 |   0.0 |       3 |       0 |   0.0
            +---------+---------+-------+---------+---------+-------
        D:1 |       4 |       0 |   0.0 |       3 |       0 |   0.0
            +---------+---------+-------+---------+---------+-------
